 Dungeon Crawl Stone Soup version 0.30-a0-540-g0af01429fa (webtiles) character file.

Game seed: 3927144028252245628

381 bande the Covered (level 6, 0/38 HPs)
             Began as a Gargoyle Fighter on Dec 25, 2022.
             Was an Initiate of Okawaru.
             Slain by an ice beast (12 damage)
             ... on level 5 of the Dungeon.
             The game lasted 00:05:47 (3786 turns).

bande the Covered (Gargoyle Fighter)                Turns: 3786, Time: 00:05:47

Health: 0/38       AC: 15    Str: 20    XL:     6   Next: 75%
Magic:  7/7        EV:  7    Int:  8    God:    Okawaru [......]
Gold:   283        SH:  4    Dex: 11    Spells: 5/5 levels left

rFire   . . .      SeeInvis .    a - +0 war axe
rCold   . . .      Faith    .    c - +0 buckler
rNeg    + . .      Spirit   .    v - +0 chain mail
rPois   ∞          Reflect  .    (no helmet)
rElec   +          Harm     .    x - +0 cloak
rCorr   .          Rampage  .    (no gloves)
Will    +....                    (no boots) Stlth
                                 (no amulet)
HPRegen 0.26/turn                e - ring of willpower
MPRegen 0.10/turn                (no ring)

@: no status effects
A: sickness immunity, AC +4, negative energy resistance 1, electricity
resistance, torment resistance 1, petrification resistance
a: Renounce Religion


You were on level 5 of the Dungeon.
You worshipped Okawaru.
Okawaru was noncommittal.
You visited 2 branches of the dungeon, and saw 6 of its levels.

You collected 283 gold pieces.

Inventory:

Hand Weapons
 a - a +0 war axe (weapon)
 b - a +0 flail
Armour
 c - a +0 buckler (worn)
 v - a +0 chain mail (worn)
 x - a +0 cloak (worn)
Jewellery
 e - a ring of willpower (left hand)
 s - an amulet of magic regeneration
Wands
 t - a wand of mindburst (2)
Scrolls
 k - a scroll of poison
 m - 3 scrolls of identify {unknown}
 n - a scroll of noise {unknown}
 q - a scroll of magic mapping {unknown}
 r - a scroll of teleportation {unknown}
Potions
 d - 2 potions of might
 g - a potion of mutation {unknown}
 h - a potion of cancellation {unknown}
 i - 2 potions of curing
 l - a potion of magic
 o - a potion of heal wounds {unknown}
 p - a potion of flight {unknown}
 u - a potion of berserk rage {unknown}
 w - a potion of ambrosia {unknown}


   Skills:
 + Level 4.1 Fighting
 + Level 4.4 Axes
 + Level 4.5 Armour
 - Level 0.5 Stealth
 + Level 3.9 Shields
 * Level 1.4 Invocations
 * Level 1.1 Evocations


You had 5 spell levels left.
You didn't know any spells.
Your spell library contained the following spells:

 Spells                   Type           Power      Damage    Failure   Level
 Beastly Appendage        Tmut           0%         N/A       99%         1
 Wereblood                Tmut           0%         N/A       100%        2
 Spider Form              Tmut/Pois      0%         N/A       100%        3
 Summon Small Mammal      Summ           Unusable   N/A       N/A         1
 Call Canine Familiar     Summ           Unusable   N/A       N/A         3
 Summon Guardian Golem    Hex/Summ       Unusable   N/A       N/A         3

Dungeon Overview and Level Annotations

Branches:
Dungeon (5/15)             Temple (1/1) D:4

Altars:
Cheibriados
Dithmenos
Elyvilon
Gozag
Hepliaklqana
Kikubaaqudgha
Makhleb
Okawaru
Qazlal
Ru
Trog
Uskayaw
Vehumet
Wu Jian
Yredelemnul
Zin
The Shining One


Innate Abilities, Weirdness & Mutations

You are immune to sickness and miasma.
Your stone body is resilient. (AC +4)
You are immune to poison.
You resist negative energy. (rN+)
You are resistant to electric shocks. (rElec)
You are resistant to unholy torment.
You are immune to petrification.


Message History

As you read the scroll labelled GAAFIE FUFISE, it crumbles to dust.
It was a scroll of poison.
Okay, then.
Unknown command.
You now have 283 gold pieces (gained 13).
An ice beast comes into view.
An ice beast is nearby!
The ice beast hits you but does no damage.
You hit the ice beast but do no damage. You block the ice beast's attack.
You hit the ice beast.
The ice beast is lightly wounded.
The ice beast hits you but does no damage.
The ice beast hits you. The ice beast freezes you!
You hit the ice beast but do no damage.
The ice beast is lightly wounded.
The ice beast barely misses you.
You hit the ice beast.
The ice beast is lightly wounded.
The ice beast completely misses you.
You hit the ice beast but do no damage.
The ice beast is lightly wounded.
The ice beast hits you but does no damage.
You block the ice beast's attack.
You slash the ice beast!
The ice beast is heavily wounded.
The ice beast hits you but does no damage.
You closely miss the ice beast.
The ice beast is heavily wounded.
The ice beast barely misses you.
You hit the ice beast.
The ice beast is heavily wounded.
The ice beast hits you. The ice beast freezes you!
The ice beast hits you but does no damage.
You are too injured to fight recklessly!
You are too injured to fight recklessly!
You are too injured to fight recklessly!
You slash the ice beast!
The ice beast is almost dead.
The ice beast hits you. The ice beast freezes you!
You die...

.......#.........#
..#......?######.#
..#..###.........#
.....# #...#####.#
.....# #.#.# #.#
...#.....#.## #.#
#.####.###.##.##.#
### .# .# #...# #
# # .( ##.@# #
##Y....... ##
#.#.#..... .# #.#
.. #### .##### .#
### ...... #.#
.##### #.# .### .#
...##########.#


You could see an ice beast.

Vanquished Creatures
  A phantom (D:4)
  An orc priest (D:3)
  An iguana (D:4)
  2 orc wizards
  4 gnolls
  7 adders
  A white imp (D:5)
  An ufetubus (D:4)
  A worm (D:4)
  A dart slug (D:1)
  6 orcs
  8 endoplasms
  3 giant cockroaches (D:2)
  3 goblins
  8 hobgoblins
  6 jackals (D:1)
  5 quokkas
  6 ball pythons
  2 bats
  3 frilled lizards
  9 kobolds
  5 rats
84 creatures vanquished.

Vanquished Creatures (others)
  A plant (D:3)
1 creature vanquished.

Grand Total: 85 creatures vanquished

Notes
Turn   | Place    | Note
-------+----------+-------------------------------------------
     0 | D:1      | bande the Gargoyle Fighter began the quest for the Orb.
     0 | D:1      | Reached XP level 1. HP: 14/14 MP: 1/1
    69 | D:1      | Reached XP level 2. HP: 19/19 MP: 2/2
   666 | D:1      | Reached XP level 3. HP: 23/23 MP: 3/3
   940 | D:2      | Reached XP level 4. HP: 27/29 MP: 4/4
  1857 | D:3      | Found a burning altar of Makhleb.
  2386 | D:3      | Reached XP level 5. HP: 23/33 MP: 5/5
  2579 | D:4      | Found a hide-covered altar of Uskayaw.
  2722 | D:4      | Found a staircase to the Ecumenical Temple.
  2737 | Temple   | Entered the Ecumenical Temple
  2746 | Temple   | Became a worshipper of Warmaster Okawaru
  2792 | D:4      | Noticed a phantom
  2801 | D:4      | Killed a phantom
  2802 | D:4      | Reached XP level 6. HP: 17/38 MP: 6/6
  2985 | Temple   | Reached skill level 1 in Invocations
  3109 | D:4      | HP: 1/38 [gnoll/+0 halberd (2)]
  3116 | D:4      | Reached skill level 1 in Evocations
  3668 | D:5      | Entered Level 5 of the Dungeon
  3775 | D:5      | Noticed an ice beast
  3786 | D:5      | Slain by an ice beast

Illustrated notes

Levels and vault maps discovered:
D:1:      eino_arrival_water_star, layout_basic
D:2:      layout_loops_corners, dk_vineyard_2
D:3:      layout_basic, lemuel_doored_altar, serial_forest,
          infiniplex_forest_lined_2, infiniplex_forest_lined_room_3,
          infiniplex_forest_clump_tiny, infiniplex_forest_zigzag_1,
          infiniplex_forest_lined_corner, infiniplex_forest_end_3,
          infiniplex_forest_straight_3, infiniplex_forest_3_way,
          item_on_display_a
D:4:      layout_basic, mainiacjoe_overflow_catwalk, minmay_temple_entry_slanted
D:5:      layout_loops_ring, mainiacjoe_overflow_big_doors,
          nicolae_overflow_two_pavilions
Temple:   nicolae_temple_no_exploring_needed

Skill      XL: |  1  2  3  4  5  6 |
---------------+-------------------+-----
Axes           | 2 3 4 |  4.4
Armour         | 4 |  4.5
Fighting       | 4 |  4.1
Invocations    | 1 |  1.4
Evocations     | 1 |  1.1
Stealth        | |  0.5
Shields        | |  3.9

Action                   |  1- 3 |  4- 6 || total
-------------------------+-------+-------++-------
Melee: War axe           |   101 |   145 ||   246
  Use: Scroll            |       |     3 ||     3
       Potion            |       |     2 ||     2
Armor: Scale mail        |    63 |    33 ||    96
       Chain mail        |       |    69 ||    69
Dodge: Dodged            |    56 |    69 ||   125
Block: Buckler           |    17 |    29 ||    46

Table legend: (Time is in decaauts)
 A = Elapsed time spent in this place.
 B = Non-inter-level travel time spent in this place.
 C = Inter-level travel time spent in this place.
 D = Time resting spent in this place.
 E = Time spent auto-exploring this place.
 F = Levels seen in this place.
 G = Mean time per level.
                   A        B        C        D        E       F      G
               +--------+--------+--------+--------+--------+-----+--------+
         Total |   3886 |   3830 |     56 |    375 |   2639 |   6 |  647.7 |
       Dungeon |   3582 |   3526 |     56 |    104 |   2639 |   5 |  716.4 |
        Temple |    303 |    303 |      0 |    271 |      0 |   1 |  303.0 |
               +--------+--------+--------+--------+--------+-----+--------+

Top non-repeatable levels by time:
     D:2: 967 daAuts
     D:3: 945 daAuts
     D:4: 808 daAuts
     D:1: 735 daAuts
  Temple: 303 daAuts
     D:5: 125 daAuts
